AoeStats
← harunayoiki

African Clearing

505243181Analyzed
2v2 RM · 25d ago on Sep 8, 2026· 73m 24s· 4 players
Game mode
Random Map
Map size
Medium (4 player)
Population
200
Speed
Normal
Resources
Standard
Victory
Conquest
Starting age
Dark Age
Ending age
Imperial Age
RankedLock teamsTeams togetherTeam positionsShared explorationLock speedFull tech treeHidden civsTurbo modeCheats
Victory
Defeat
🇨🇳 Mongols · China
1007
+14
🇪🇸 Ethiopians · Spain
995
+15
🇮🇹 Huns · Italy
1015
-45
🇮🇹 Hindustanis · Italy
926
-13
roccgnv
9:36 Loom
13:55 Feudal Age
17:17 Bloodlines
17:11 Double-Bit Axe
17:10 Horse Collar
18:56 Man-at-Arms
23:58 Castle Age
23:18 Gold Mining
23:23 Stone Mining
24:44 Elite Skirmisher
26:30 Bow Saw
30:50 Crossbowman
33:00 Wheelbarrow
34:45 Heavy Plow
41:42 Imperial Age
40:55 Fletching
42:53 Conscription
42:01 Siege Elephant
43:04 Gold Mining
harunayoiki
4:56 Loom
15:25 Feudal Age
16:01 Double-Bit Axe
20:58 Castle Age
19:01 Gold Mining
21:00 Bloodlines
23:08 Fletching
31:41 Stone Mining
33:22 Forging
36:33 Man-at-Arms
42:29 Gold Shaft Mining
47:49 Imperial Age
46:04 Marauders
46:33 Bow Saw
47:25 Husbandry
47:53 Scale Barding Armor
48:24 Padded Archer Armor
48:55 Conscription
50:31 Bodkin Arrow
52:34 Iron Casting
52:29 Elite Tarkan
53:59 Parthian Tactics
54:42 Heavy Cavalry Archer
58:05 Chemistry
58:30 Elite Skirmisher
61:59 Wheelbarrow
67:29 Two-Man Saw
65:52 Capped Ram
67:39 Siege Ram
68:45 Chain Barding Armor
71:59 Leather Archer Armor
Dani_Jiren
3:45 Loom
14:46 Feudal Age
16:02 Wheelbarrow
15:16 Double-Bit Axe
15:35 Man-at-Arms
17:21 Forging
19:44 Fletching
25:44 Castle Age
24:30 Gold Mining
24:47 Arson
25:52 Long Swordsman
27:35 Hand Cart
31:35 Scale Mail Armor
47:33 Imperial Age
45:46 Bow Saw
47:45 Two-Handed Swordsman
48:27 Squires
49:47 Halberdier
52:38 Iron Casting
52:19 Chain Mail Armor
53:14 Conscription
55:07 Crossbowman
58:04 Town Watch
57:46 Arbalester
58:31 Thumb Ring
810345338
10:27 Loom
12:23 Feudal Age
13:30 Double-Bit Axe
18:23 Castle Age
16:52 Fletching
17:33 Gold Mining
20:35 Stone Mining
20:45 Bodkin Arrow
22:44 Gold Shaft Mining
26:13 Bow Saw
27:52 Fishing Lines
33:48 Padded Archer Armor
33:51 Gillnets
35:54 Wheelbarrow
36:00 Wheelbarrow
36:17 Stone Shaft Mining
36:30 Horse Collar
37:20 Leather Archer Armor
38:26 Bloodlines
38:23 Thumb Ring
39:38 Hand Cart
39:32 Heavy Plow
40:02 Husbandry
45:33 Imperial Age
47:49 Bracer
48:31 Elite Mangudai
50:00 Conscription
51:08 Ballistics
52:48 Chemistry
52:43 Siege Engineers
73:09 Spies/Treason
73:25 Spies/Treason
Connection lost

Rejoining the realm…

Still unreachable

The connection could not be restored.

Session expired

The server has moved on; the page needs a fresh start.